 Dungeon Crawl Stone Soup version 0.23.2-11-gf996548c65 (webtiles) character file.

Game seed: 9606056357010308589

207 redwoodhats the Cutter (level 5, -3/39 HPs)
             Began as a Vampire Gladiator on June 4, 2019.
             Killed by divine providence
             ... invoked by an orc priest
              (14 damage)
             ... on level 4 of the Dungeon on June 7, 2019.
             The game lasted 00:15:49 (2690 turns).

redwoodhats the Cutter (Vampire Gladiator)          Turns: 2690, Time: 00:15:51

Health: -3/39      AC:  6    Str: 14    XL:     5   Next: 54%
Magic:  1/1        EV:  9    Int: 10    God:
Gold:   224        SH: 14    Dex: 16    Spells: 2/4 levels left

rFire    . . .     SeeInvis +   s - +3 war axe (antimagic)
rCold    + . .     Gourm    .   n - +3 large shield
rNeg     + + .     Faith    .   b - +0 leather armour
rPois    +         Spirit   .   f - +1 helmet
rElec    .         Reflect  .   (no cloak)
rCorr    .         Harm     .   e - +0 pair of gloves
MR       .....                  (no boots)
Stlth    +++.......             (no amulet)
HPRegen  0.06/turn              (no ring)
MPRegen  0.07/turn              (no ring)

@: regenerating slowly
A: fangs 3, see invisible, unbreathing
a: Bat Form


You were on level 4 of the Dungeon.
You were very thirsty.

You visited 1 branch of the dungeon, and saw 4 of its levels.

You collected 224 gold pieces.

Inventory:

Hand Weapons
 a - a +0 rapier
 s - a +3 antimagic war axe (weapon)
Missiles
 d - 2 throwing nets (quivered)
 o - 6 tomahawks
Armour
 b - a +0 leather armour (worn)
 c - a +0 helmet
 e - a +0 pair of gloves (worn)
 f - a +1 helmet (worn)
 n - a +3 large shield (worn)
Jewellery
 m - a cursed amulet of inaccuracy
Wands
 r - a wand of disintegration (8)
Scrolls
 g - a scroll of enchant weapon
Potions
 j - a potion of curing


   Skills:
 + Level 2.4 Fighting
 + Level 4.7 Short Blades
 + Level 1.9 Throwing
 + Level 1.6 Armour
 + Level 3.8 Dodging
 + Level 1.7 Stealth
 + Level 1.5 Shields
 + Level 0.1 Summonings


You had 2 spell levels left.
You knew the following spells:

 Your Spells              Type           Power        Failure   Level  Hunger
a - Confusing Touch       Hex            #.....       100%        1    ##.....
b - Summon Small Mammal   Summ           #...         100%        1    ##.....

Your spell library contained the following spells:

 Spells                   Type           Power        Failure   Level  Hunger
 Animate Skeleton         Necr           N/A          100%        1    ##.....
 Apportation              Tloc           #.....       100%        1    ##.....


Dungeon Overview and Level Annotations

Branches:
Dungeon (4/15)
 Temple: D:4-7

Altars:
Uskayaw
Wu Jian
Yredelemnul
Zin


Innate Abilities, Weirdness & Mutations

You heal slowly.
You have razor-sharp teeth.
You have supernaturally acute eyesight. (SInv)
You can survive without breathing.


Message History

The giant cockroach bites you but does no damage.
You feel much better.
The orc priest hits you with a +4 flail of holy wrath!
You convulse!
You block the giant cockroach's attack. The orc hits you with a +0 mace.
Your shield prevents you from hitting the orc priest.
The orc priest is heavily wounded.
You hit the giant cockroach. You barely miss the orc.
The orc priest looks braver for a moment.
You block the giant cockroach's attack. You block the orc's attack.
You block the orc priest's attack. The giant cockroach bites you.
* * * LOW HITPOINT WARNING * * *
Your shield prevents you from hitting the orc priest.
The orc priest is heavily wounded.
You closely miss the giant cockroach. You slash the orc!
You kill the orc!
The giant cockroach barely misses you.
The orc priest invokes the aid of Beogh against you.
Beogh smites you!
You die...

...............
................
................
................
..............
.........#.. ####..#
#..##)os.......
#.#...#####..##)@........
.........#..####....?!#.
.........#...###.....## .
#...........##....##
.##.#..........#...##
...........##....###
#.................#
<....##....#......#
.#..####...#......#


You could see an orc priest and a giant cockroach.

Vanquished Creatures
  An orc wizard (D:4)
  A hound skeleton (D:3)
  5 adders
  An ooze (D:3)
  2 worms
  4 dart slugs
  2 leopard geckos
  16 orcs
  8 bats
  3 giant cockroaches
  6 goblins
  7 hobgoblins
  7 jackals
  2 quokkas (D:3)
  6 frilled lizards
  8 kobolds
  10 rats
89 creatures vanquished.

Notes
Turn   | Place    | Note
-------+----------+-------------------------------------------
     0 | D:1      | redwoodhats the Vampire Gladiator began the quest for the
                  | Orb.
     0 | D:1      | Reached XP level 1. HP: 16/16 MP: 1/1
    98 | D:1      | Reached XP level 2. HP: 20/22 MP: 2/2
   383 | D:1      | Reached XP level 3. HP: 27/27 MP: 3/3
  1050 | D:2      | Found a basalt altar of Yredelemnul.
  1148 | D:2      | Reached skill level 1 in Armour
  1240 | D:2      | Reached skill level 4 in Short Blades
  1249 | D:2      | Found a hide-covered altar of Uskayaw.
  1263 | D:2      | Found a glowing silver altar of Zin.
  1268 | D:2      | Reached XP level 4. HP: 33/33 MP: 4/4
  1312 | D:2      | Reached skill level 1 in Stealth
  1693 | D:2      | Found an ornate altar of the Wu Jian Council.
  1920 | D:3      | Learned a level 1 spell: Confusing Touch
  1956 | D:3      | Learned a level 1 spell: Summon Small Mammal
  2170 | D:3      | Reached XP level 5. HP: 35/39 MP: 5/5
  2687 | D:4      | Reached skill level 1 in Shields
  2690 | D:4      | Killed from afar by an orc priest

Skill      XL: |  1  2  3  4  5 |
---------------+----------------+-----
Fighting       | 2 |  2.4
Armour         | 1 |  1.6
Short Blades   | 4 |  4.7
Stealth        | 1 |  1.7
Shields        | 1 |  1.5
Throwing       | |  1.9
Dodging        | |  3.8
Summonings     | |  0.1

Action                   |  1- 3 |  4- 6 || total
-------------------------+-------+-------++-------
Melee: Rapier            |   111 |   146 ||   257
       Bite              |     9 |    18 ||    27
       Unarmed           |     2 |       ||     2
       War axe           |       |     7 ||     7
Throw: Throwing net      |       |     1 ||     1
 Cast: Confusing Touch   |       |     2 ||     2
       Summon Small Mamm |       |     1 ||     1
  Use: Potion            |     6 |     3 ||     9
       Scroll            |     1 |     6 ||     7
 Stab: Sleeping          |       |     1 ||     1
Armor: Leather armour    |    51 |    51 ||   102
Dodge: Dodged            |   111 |    96 ||   207
Block: Large shield      |       |    88 ||    88
